 Dungeon Crawl Stone Soup version 0.27-a0-78-g75406f0b48 (webtiles) character file.

Game seed: 1184348878119155792

144 knot the Chopper (level 5, 38/41 HPs)
             Began as a Demonspawn Berserker on Jan 14, 2021.
             Was a Believer of Trog.
             Quit the game on level 2 of the Dungeon.
             The game lasted 00:01:57 (2387 turns).

knot the Chopper (Demonspawn Berserker)             Turns: 2387, Time: 00:01:57

Health: 38/41      AC:  4    Str: 18    XL:     5   Next: 5%
Magic:  11/14      EV: 12    Int:  9    God:    Trog [**....]
Gold:   90         SH:  0    Dex: 10    Spells: 4/4 levels left

rFire    . . .     SeeInvis .   r - +4 trident of Pestilence {flame, rPois rC++ MP+9 Dex-2}
rCold    + + .     Faith    .   (no shield)
rNeg     . . .     Spirit   +   b - +0 animal skin
rPois    +         Reflect  .   (no helmet)
rElec    .         Harm     .   k - +0 cloak
rCorr    .         Rampage  .   (no gloves)
Will     .....                  g - +0 pair of boots
Stlth    +.........             (no amulet)
HPRegen  0.13/turn              (no ring)
MPRegen  0.14/turn              (no ring)

@: no status effects
A: talons 1, magic shield
a: Renounce Religion, Berserk, Trog's Hand


You were on level 2 of the Dungeon.
You worshipped Trog.
Trog was pleased with you.
You visited 1 branch of the dungeon, and saw 2 of its levels.

You collected 90 gold pieces.

Inventory:

Hand Weapons
 a - a +0 hand axe
 r - the +4 trident of Pestilence (weapon) {flame, rPois rC++ MP+9 Dex-2}
   (You found it on level 2 of the Dungeon)

   It has been specially enchanted to burn those struck by it, causing extra
   injury to most foes and up to half again as much damage against particularly
   susceptible opponents.
   It affects your dexterity (-2).
   It greatly protects you from cold.
   It protects you from poison.
   It affects your magic capacity (+9).
Missiles
 h - 5 javelins
 n - 29 sling bullets
 o - 85 stones
Armour
 b - a +0 animal skin (worn)
 g - a +0 pair of boots (worn)
 k - a +0 cloak (worn)
Scrolls
 d - a scroll of noise {unknown}
 e - 2 scrolls of teleportation {unknown}
 j - a scroll of remove curse {unknown}
 l - 2 scrolls of identify {unknown}
 m - a scroll of immolation {unknown}
Potions
 c - 3 potions of degeneration {unknown}
 f - a potion of brilliance {unknown}
 i - 2 potions of lignification {unknown}
 p - a potion of flight {unknown}
 q - a potion of might {unknown}


   Skills:
 - Level 3.0 Fighting
 + Level 5.3 Axes
 - Level 1.7 Armour
 - Level 1.7 Dodging


You had 4 spell levels left.
You didn't know any spells.
Your spell library was empty.

Dungeon Overview and Level Annotations

Branches:
Dungeon (2/15)

Altars:
Ashenzari


Innate Abilities, Weirdness & Mutations

You have sharp toenails.
When hurt, damage is shared between your health and your magic reserves.


Message History

You closely miss the adder.
The adder is severely wounded.
The adder bites you.
You miss the adder.
The adder is severely wounded.
The adder bites you. The adder completely misses you.
You closely miss the adder.
The adder is severely wounded.
The adder bites you.
You hit the adder but do no damage.
The adder is heavily wounded.
The adder bites you. The adder bites you but does no damage.
You puncture the adder! You burn the adder.
You kill the adder!
Trog accepts your kill. The bat hits you but does no damage.
The bat closely misses you.
You have reached level 5!
Your demonic ancestry asserts itself...
Your toenails lengthen and sharpen.
Are you sure you want to abandon this character and quit the game? (Confirm with "yes".)

#.#.. #. . ...........
#####.#.####.. ..
#......... ......#.#..#.
...#.#....... #######.#...
#...###..... #.#..#
.#......... #.##.#######
#...>.....
#........#.#######>##.#####
#.######............†.#
####.#### ###@####.#####.#
#.......# #b# #.......#
#....##.# ... #######.#
#.....#.# ..... #.#
#.....#.# #.....# #.#
#.....#.# #.....# ##.#
#....##.# #.....# #.[#
#.......# ####### #.##
###[############# #.#


You could see a bat.

Vanquished Creatures
  6 adders (D:2)
  4 gnolls
  An ooze (D:2)
  A dart slug (D:1)
  2 leopard geckos (D:2)
  6 bats
  4 giant cockroaches
  7 goblins
  5 hobgoblins
  5 kobolds
  A ball python (D:1)
  3 frilled lizards (D:2)
  3 rats (D:2)
48 creatures vanquished.

Notes
Turn   | Place    | Note
-------+----------+-------------------------------------------
     0 | D:1      | knot the Demonspawn Berserker began the quest for the Orb.
     0 | D:1      | Reached XP level 1. HP: 18/18 MP: 1/1
    77 | D:1      | Reached skill level 3 in Axes
   138 | D:1      | Gained mutation: When hurt, damage is shared between your
                  | health and your magic reserves. [demonic ancestry]
   138 | D:1      | Reached XP level 2. HP: 15/24 MP: 2/2
  1256 | D:2      | Reached skill level 4 in Axes
  1256 | D:2      | Reached XP level 3. HP: 18/29 MP: 1/3
  1434 | D:2      | Reached XP level 4. HP: 28/35 MP: 4/4
  1744 | D:2      | Reached ** piety under Trog
  1860 | D:2      | Found a broken altar of Ashenzari.
  2034 | D:2      | Got a pitted trident
  2035 | D:2      | Identified the +4 trident of Pestilence {flame, rPois rC++
                  | MP+9 Dex-2} (You found it on level 2 of the Dungeon)
  2112 | D:2      | Reached skill level 5 in Axes
  2387 | D:2      | Gained mutation: You have sharp toenails. [demonic
                  | ancestry]
  2387 | D:2      | Reached XP level 5. HP: 38/41 MP: 5/5
  2387 | D:2      | Quit the game

Illustrated notes

Levels and vault maps discovered:
D:1:      dpeg_arrival_arbitrary_c, layout_basic
D:2:      minmay_diamond_boxcup, layout_loops_cross,
          lemuel_coloured_pillars_altar, minmay_misc_feat_alley

Skill      XL: |  1  2  3  4 |
---------------+-------------+-----
Axes           | 3 4 5 |  5.3
Fighting       | |  3.0
Armour         | |  1.7
Dodging        | |  1.7

Action                   |  1- 3 |  4- 6 || total
-------------------------+-------+-------++-------
Melee: Hand axe          |    53 |    52 ||   105
       Trident           |       |    27 ||    27
Invok: Berserk           |     2 |       ||     2
  Use: Potion            |     1 |       ||     1
 Stab: Invisible         |     5 |       ||     5
       Sleeping          |     2 |     2 ||     4
Armor: Animal skin       |     7 |    23 ||    30
Dodge: Dodged            |    29 |    51 ||    80

Table legend: (Time is in decaauts)
 A = Elapsed time spent in this place.
 B = Non-inter-level travel time spent in this place.
 C = Inter-level travel time spent in this place.
 D = Time resting spent in this place.
 E = Time spent auto-exploring this place.
 F = Levels seen in this place.
 G = Mean time per level.
                   A        B        C        D        E       F      G
               +--------+--------+--------+--------+--------+-----+--------+
         Total |   2420 |   2409 |     11 |    610 |   1511 |   2 | 1210.0 |
       Dungeon |   2420 |   2409 |     11 |    610 |   1511 |   2 | 1210.0 |
               +--------+--------+--------+--------+--------+-----+--------+

Top non-repeatable levels by time:
     D:1: 1434 daAuts
     D:2: 986 daAuts
